 Dungeon Crawl Stone Soup version 0.28-a0-1567-g1695149f81 (webtiles) character file.

Game seed: 10615425202992765449

2042 lonewolfV2 the Grappler (level 9, 0/84 HPs)
             Began as a Troll Berserker on Jan 19, 2022.
             Was an Elder of Trog.
             Slain by a yak (7 damage)
             ... on level 6 of the Dungeon.
             The game lasted 00:07:20 (4435 turns).

lonewolfV2 the Grappler (Troll Berserker)           Turns: 4435, Time: 00:07:21

Health: 0/84       AC: 11    Str: 29    XL:     9   Next: 4%
Magic:  8/8        EV:  9    Int:  3    God:    Trog [****..]
Gold:   259        SH:  5    Dex:  9    Spells: 8/8 levels left

rFire   x . .      SeeInvis .     - Unarmed
rCold   + + .      Faith    .   (no shield)
rNeg    . . .      Spirit   .   k - +0 ice dragon scales
rPois   .          Reflect  +   (helmet restricted)
rElec   .          Harm     .   (no cloak)
rCorr   .          Rampage  .   (gloves unavailable)
Will    .....                   (boots unavailable)
Stlth   ..........              c - amulet of reflection
HPRegen 1.04/turn               (no ring)
MPRegen 0.11/turn               (no ring)

@: no status effects
A: large, unfitting armour, claws 3, regeneration 1, shaggy fur 1, tough skin 1,
horns 1, screaming 1, weak 1, subdued magic 1
a: Renounce Religion, Berserk, Trog's Hand, Brothers in Arms


You were on level 6 of the Dungeon.
You worshipped Trog.
Trog was greatly pleased with you.
You visited 1 branch of the dungeon, and saw 6 of its levels.

You collected 259 gold pieces.

Inventory:

Missiles
 f - a throwing net (quivered)
Armour
 k - +0 ice dragon scales (worn)
Jewellery
 c - an amulet of reflection (around neck)
Wands
 e - a wand of charming (4)
Scrolls
 g - a scroll of magic mapping
 h - a scroll of enchant weapon
 i - a scroll of acquirement {unknown}
 j - a scroll of identify
Potions
 b - a potion of attraction {unknown}
 d - a potion of might {unknown}


   Skills:
 + Level 4.1 Fighting
 + Level 0.6 Armour
 + Level 5.4 Dodging
 + Level 1.0 Stealth
 + Level 9.7 Unarmed Combat


You had 8 spell levels left.
You didn't know any spells.
Your spell library was empty.

Dungeon Overview and Level Annotations

Branches:
Dungeon (6/15)             Temple (0/1) D:5

Altars:
Uskayaw

Shops:
D:1 (


Innate Abilities, Weirdness & Mutations

You are too large for most types of armour.
You have claws for hands.
Your natural rate of healing is unusually fast.
You are covered in fur. (AC +1)
You have tough skin. (AC +1)
You have a pair of small horns on your head.
You occasionally shout uncontrollably at your foes.
You are weak. (Str -2)
Your spells are a little easier to cast, but a little less powerful.


Message History

You claw the yak!
The yak is lightly wounded.
The yak barely misses you. The yak gores you.
You scratch the yak. Your claw misses the yak.
The yak is moderately wounded.
The yak gores you! You block the yak's attack.
You claw the yak!
The yak is heavily wounded.
The yak gores you! The yak barely misses you.
You scratch the yak.
The yak is severely wounded.
The yak barely misses you.
You mangle the yak!!
You kill the yak!
Trog accepts your kill. The yak gores you. The yak gores you!
* * * LOW HITPOINT WARNING * * *
Things that are here:
a +0 giant club; a yak corpse; a yak corpse You scratch the yak.
You headbutt the yak.
The yak is heavily wounded.
The yak gores you.
* * * LOW HITPOINT WARNING * * *
The yak barely misses you.
You claw the yak!
The yak is severely wounded.
The yak barely misses you. You block the yak's attack.
You mangle the yak!!
You kill the yak!
Trog accepts your kill. The yak barely misses you.
You have reached level 9!
Your experience leads to an increase in your attributes!
Your base attributes are Str 28, Int 3, Dex 9.
Increase (S)trength, (I)ntelligence, or (D)exterity?
You feel stronger. x3
The yak gores you!
* * * LOW HITPOINT WARNING * * *
The yak gores you!
You die...

............ ####.#......
..# ####.#...... ..#
.....#...... #.#
#######.?### #.#
#######..#### #.#####
............# #Y#...#
............# #Y#...######
............####@#........#
.###### #.....Y.#........#
..# #.<#......##........#
#.# #..#..#...##...######
#.# #..#..#...++...# #.##
#..#..#...##...#
#..####..#..#######'##
...#.....#..# #.#
##...##.##..# #.#


You could see 3 yaks.

Vanquished Creatures
  Sigmund (D:6)
  3 yaks (D:6)
  Eustachio (D:4)
  Edmund (D:6)
  A water moccasin (D:4)
  A sky beast (D:5)
  4 ogres
  A bullfrog (D:6)
  A howler monkey (D:6)
  A centaur zombie (D:6)
  A bullfrog zombie (D:6)
  5 hounds
  A jelly (D:4)
  An orc priest (D:3)
  Natasha (thrice) (D:3)
  2 iguanas (D:4)
  A hound skeleton (D:4)
  A howler monkey skeleton (D:6)
  5 adders
  A white imp (D:5)
  2 worms
  2 dart slugs (D:3)
  13 orcs
  4 ball pythons
  3 bats
  An endoplasm (D:1)
  9 giant cockroaches
  3 goblins
  9 hobgoblins (D:1)
  2 jackals (D:3)
  10 quokkas
  A frilled lizard (D:1)
  8 kobolds
  7 rats
110 creatures vanquished.

Vanquished Creatures (others)
  A frilled lizard (D:3)
1 creature vanquished.

Grand Total: 111 creatures vanquished

Notes
Turn   | Place    | Note
-------+----------+-------------------------------------------
     0 | D:1      | lonewolfV2 the Troll Berserker began the quest for the Orb.
     0 | D:1      | Reached XP level 1. HP: 22/22 MP: 0/0
   315 | D:1      | Found Utzes's Weapon Boutique.
   350 | D:1      | Reached XP level 2. HP: 29/29 MP: 1/1
   610 | D:1      | Reached ** piety under Trog
   770 | D:1      | Reached XP level 3. HP: 36/36 MP: 2/2
  1820 | D:3      | Reached skill level 4 in Unarmed Combat
  1878 | D:3      | Reached XP level 4. HP: 44/44 MP: 3/3
  1881 | D:3      | Noticed Natasha
  1898 | D:3      | Killed Natasha
  2361 | D:3      | Reached XP level 5. HP: 38/53 MP: 4/4
  2440 | D:3      | Noticed Natasha
  2447 | D:3      | Killed Natasha
  2456 | D:3      | Noticed Natasha
  2464 | D:3      | Killed Natasha
  2464 | D:3      | Reached *** piety under Trog
  2465 | D:3      | Reached skill level 5 in Unarmed Combat
  2520 | D:3      | You fall into a shaft and drop 3 floors!
  2572 | D:5      | Entered Level 5 of the Dungeon
  2620 | D:4      | Noticed a water moccasin
  2627 | D:4      | Killed a water moccasin
  2628 | D:4      | Reached XP level 6. HP: 52/61 MP: 5/5
  2844 | D:4      | Reached skill level 6 in Unarmed Combat
  2927 | D:4      | Noticed Eustachio
  2937 | D:4      | Reached XP level 7. HP: 50/67 MP: 6/6
  2980 | D:4      | Killed Eustachio
  3041 | D:4      | Reached skill level 7 in Unarmed Combat
  3263 | D:5      | Reached XP level 8. HP: 32/75 MP: 7/7
  3471 | D:5      | Found a staircase to the Ecumenical Temple.
  3804 | D:6      | Noticed Sigmund
  3810 | D:6      | Reached skill level 8 in Unarmed Combat
  3827 | D:6      | Gained mutation: You occasionally shout uncontrollably at
                  | your foes. [potion of mutation]
  3827 | D:6      | Gained mutation: Your spells are a little easier to cast,
                  | but a little less powerful. [potion of mutation]
  3827 | D:6      | Gained mutation: You are weak. (Str -2) [potion of
                  | mutation]
  3827 | D:6      | Gained mutation: You have a pair of small horns on your
                  | head. [potion of mutation]
  3828 | D:6      | Killed Sigmund
  4141 | D:6      | Reached **** piety under Trog
  4229 | D:6      | Found a hide-covered altar of Uskayaw.
  4246 | D:6      | Noticed Edmund
  4255 | D:6      | Killed Edmund
  4256 | D:6      | Reached skill level 5 in Dodging
  4415 | D:6      | Reached skill level 9 in Unarmed Combat
  4425 | D:6      | Reached skill level 1 in Stealth
  4434 | D:6      | Reached XP level 9. HP: 16/84 MP: 8/8
  4435 | D:6      | Slain by a yak

Illustrated notes

Levels and vault maps discovered:
D:1:      amcnicky_arrival_single_pillar, layout_loops_corners, serial_shops,
          nicolae_shop_bloodbath_and_beyond
D:2:      layout_loops_ring
D:3:      layout_basic, uniq_natasha
D:4:      layout_basic, minmay_misc_feat_doors, uniq_eustachio
D:5:      layout_cave_pools, minmay_temple_entry_overgrown,
          gup_sewer_entry_pipe, sigmund_army
D:6:      layout_basic, mainiacjoe_overflow_six_doors_small, uniq_edmund,
          uniq_sigmund

Skill      XL: |  1  2  3  4  5  6  7  8 |
---------------+-------------------------+-----
Unarmed Combat | 4 5 6 7 9 |  9.7
Dodging        | 3 4 5 |  5.4
Fighting       | 3 4 |  4.1
Stealth        | 1 |  1.0
Armour         | |  0.6

Action                   |  1- 3 |  4- 6 |  7- 9 || total
-------------------------+-------+-------+-------++-------
Melee: Unarmed           |    99 |    97 |   129 ||   325
       Punch             |     3 |     2 |     5 ||    10
       Headbutt          |       |       |     8 ||     8
  Use: Scroll            |     6 |     3 |     2 ||    11
       Potion            |       |       |     2 ||     2
Armor: Animal skin       |    40 |    33 |    34 ||   107
       Ice dragon scales |       |       |     1 ||     1
Dodge: Dodged            |    51 |    66 |    76 ||   193
Block: Other             |       |       |     5 ||     5

Table legend: (Time is in decaauts)
 A = Elapsed time spent in this place.
 B = Non-inter-level travel time spent in this place.
 C = Inter-level travel time spent in this place.
 D = Time resting spent in this place.
 E = Time spent auto-exploring this place.
 F = Levels seen in this place.
 G = Mean time per level.
                   A        B        C        D        E       F      G
               +--------+--------+--------+--------+--------+-----+--------+
         Total |   4412 |   4302 |    110 |    925 |   2229 |   6 |  735.3 |
       Dungeon |   4412 |   4302 |    110 |    925 |   2229 |   6 |  735.3 |
               +--------+--------+--------+--------+--------+-----+--------+

Top non-repeatable levels by time:
     D:1: 1154 daAuts
     D:3: 760 daAuts
     D:6: 682 daAuts
     D:5: 648 daAuts
     D:2: 594 daAuts
     D:4: 571 daAuts
